Map: Jagannatha LE

Players

Namshar

  • Race: Zerg Zerg

Scarlett - Winner!

  • Race: Zerg Zerg

Event: DreamHack SC2 Masters 2021 Fall

VOD

Have the link to the VOD?

Description

Time

  • Played on: Aug. 11, 2021, 5:19 p.m.
  • Length: 14:33

All games in this series

Show
View Real Time Build Order
Export as new Build Order

Namshar Zerg 

Build Orders: Hatch First 

Get SALT Encoding   

  12  0:00  Drone  
  13  0:12  Overlord  
  13  0:17  Drone  
  14  0:30  Drone x2  
  16  0:47  Hatchery  
  15  0:51  Drone  
  15  0:55  Drone  
  17  1:09  Spawning Pool  
  16  1:12  Extractor  
  16  1:13  Drone  
  16  1:17  Drone  
  17  1:20  Drone  
  18  1:28  Drone  
  19  1:56  Zergling x4  
  19  2:00  Zergling x4  
  23  2:02  Queen x2  
  26  2:12  Zergling x2  
  25  2:28  Drone  
  25  2:33  Drone x2  
  25  2:35  Drone  
  28  2:43  Metabolic Boost  
  28  2:45  Drone  
  28  2:49  Overlord  
  28  2:59  Overlord  
  28  3:09  Drone x5  
  32  3:21  Drone x4  
  36  3:39  Overlord  
  36  3:40  Hatchery  
  35  3:45  Overlord  
  35  3:47  Drone  
  36  3:59  Zergling x6  
  38  4:06  Zergling x10  
  43  4:14  Drone  
  43  4:15  Drone, Evolution Chamber  
  43  4:16  Roach Warren  
  43  4:20  Drone x3  
  46  4:28  Drone  
  46  4:30  Drone  
  47  4:40  Drone  
  47  4:41  Lair, Drone  
  47  4:42  Zerg Missile Weapons Level 1  
  47  4:43  Drone x2  
  51  4:51  Overlord  
  51  4:52  Overlord  
  51  4:53  Drone x2  
  53  5:03  Queen  
  53  5:05  Drone x2  
  57  5:11  Drone x6  
  63  5:15  Extractor  
  63  5:16  Extractor  
  63  5:17  Extractor  
  60  5:22  Drone, Overlord  
  60  5:23  Baneling Nest  
  60  5:28  Drone x3, Evolution Chamber  
  63  5:34  Drone x3  
  63  5:35  Drone  
  66  5:39  Overlord  
  66  5:41  Drone  
  66  5:42  Glial Reconstitution  
  67  5:43  Overseer  
  67  5:50  Overlord  
  67  5:54  Drone x3  
  70  5:59  Drone x2  
  70  6:00  Overlord  
  70  6:01  Roach x4  
  80  6:13  Roach x5  
  88  6:18  Baneling  
  88  6:21  Zergling x2, Roach  
  88  6:25  Zergling x8, Roach  
  91  6:32  Roach x4  
  99  6:48  Zerg Missile Weapons Level 2  
  99  6:49  Hatchery  
  98  6:58  Baneling x2  
  98  7:01  Overlord x2  
  98  7:02  Overlord  
  98  7:07  Overlord  
  98  7:08  Overlord  
  98  7:11  Baneling  
  98  7:12  Baneling x3  
  93  7:23  Roach x3  
  93  7:29  Zerg Ground Armor Level 1  
  99  7:30  Overlord  
  99  7:31  Overlord  
  99  7:32  Roach x3  
  104  7:43  Roach x3  
  104  7:58  Roach x6  
  104  7:59  Queen  
  100  8:25  Overlord x2  
  100  8:29  Hatchery  
  99  8:35  Roach Warren  
  98  8:41  Overlord x2  
  98  8:54  Drone x2  
  98  8:55  Drone x2  
  102  8:56  Overlord  
  102  8:58  Overseer  
  102  9:13  Queen x2  
  102  9:15  Roach x8  
  122  9:20  Ravager x3  
  122  9:21  Ravager  
  122  9:22  Ravager  
  129  9:24  Roach x4  
  127  9:32  Roach  
  115  9:41  Roach x2  
  115  9:44  Roach x5  
  129  9:52  Roach x3  
  110  10:00  Roach x2  
  98  10:08  Roach  
  98  10:11  Ravager x2  
  98  10:13  Roach  
  102  10:21  Hatchery, Roach x3  
  105  10:29  Roach x3  
  101  10:40  Roach x4  
  104  10:53  Roach  
  104  10:54  Roach x2  
  104  10:55  Hatchery  
  100  11:01  Roach x2  
  104  11:10  Roach x2  
  104  11:22  Roach x3  
  110  11:29  Ravager  
  110  11:30  Ravager  
  112  11:33  Ravager, Roach  
  112  11:37  Roach  
  117  11:41  Roach  
  117  11:44  Roach  
  121  11:49  Roach  
  121  11:52  Roach  
  125  11:57  Roach  
  125  12:00  Roach  
  129  12:04  Roach  
  131  12:13  Ravager  
  128  12:19  Roach x4  
  134  12:31  Roach x4  
  134  12:36  Ravager  
  143  12:37  Ravager  
  143  12:40  Roach x2  
  142  12:59  Roach x7  
  148  13:10  Roach  
  148  13:11  Roach x3  
  134  13:16  Ravager  
  135  13:23  Roach x4  
  135  13:25  Ravager  
  144  13:31  Roach x2  
  123  13:52  Roach x8  
  110  13:58  Roach  
  86  14:11  Roach x4  
Show
View Real Time Build Order
Export as new Build Order

Scarlett Zerg - Winner!

Build Orders: Pool First 

Get SALT Encoding   

  12  0:16  Spawning Pool  
  11  0:21  Drone  
  11  0:26  Drone  
  13  0:30  Drone  
  14  0:39  Overlord  
  14  1:03  Zergling x4  
  16  1:04  Zergling x2  
  17  1:15  Zergling x2  
  17  1:17  Hatchery  
  17  1:26  Zergling x2  
  18  1:33  Queen  
  18  1:38  Zergling x2  
  21  1:48  Overlord  
  21  1:58  Drone  
  22  2:09  Queen  
  24  2:18  Drone  
  25  2:23  Drone  
  24  2:36  Drone  
  25  2:39  Queen  
  25  2:40  Extractor  
  26  2:49  Drone x5  
  30  2:53  Queen  
  32  3:01  Overlord  
  32  3:10  Drone  
  32  3:11  Drone  
  34  3:15  Overlord  
  34  3:24  Drone x2  
  36  3:38  Drone x6  
  41  3:42  Drone  
  41  3:46  Extractor  
  41  3:50  Drone  
  41  3:53  Drone, Evolution Chamber  
  41  3:54  Drone  
  43  4:00  Overlord  
  43  4:06  Evolution Chamber  
  43  4:09  Drone  
  43  4:12  Overlord  
  43  4:19  Zerg Ground Armor Level 1  
  43  4:20  Roach Warren, Drone  
  43  4:21  Drone  
  42  4:27  Drone x3  
  42  4:30  Drone  
  46  4:33  Metabolic Boost  
  46  4:44  Drone x3  
  49  4:51  Hatchery  
  48  4:53  Zerg Melee Weapons Level 1  
  48  4:57  Zergling x2  
  48  4:58  Zergling x2  
  50  5:01  Zergling x4  
  52  5:08  Overlord x2  
  52  5:10  Zergling x2  
  52  5:11  Zergling x2  
  52  5:12  Zergling x2  
  55  5:17  Overlord  
  55  5:18  Zergling x4  
  55  5:20  Zergling x2  
  58  5:21  Zergling x2  
  58  5:25  Zergling x2  
  58  5:28  Zergling x4  
  62  5:34  Roach  
  64  5:37  Roach  
  64  5:40  Roach  
  68  5:45  Roach  
  68  5:46  Roach x4  
  78  5:57  Overlord x2, Roach  
  80  6:12  Hatchery  
  80  6:13  Zergling x12  
  80  6:17  Zergling x6  
  87  6:28  Zergling x10  
  87  6:30  Zergling x2  
  92  6:39  Zergling x4  
  90  6:42  Overlord  
  90  6:46  Ravager x5  
  95  6:47  Overlord  
  95  6:52  Ravager  
  95  6:53  Zergling x14  
  103  6:59  Overlord  
  103  7:01  Zergling x2  
  103  7:02  Zergling x4  
  103  7:05  Ravager  
  103  7:06  Zergling x4  
  109  7:11  Zergling x2  
  109  7:12  Zergling x6  
  113  7:18  Zergling x8  
  112  7:24  Drone x3  
  112  7:27  Lair  
  110  7:38  Zergling x14  
  113  7:45  Roach x2  
  114  7:52  Zerg Missile Weapons Level 1  
  114  7:55  Zergling x12  
  106  8:01  Zergling x6  
  106  8:02  Zergling x2  
  103  8:06  Zergling x6  
  103  8:11  Zergling x8  
  101  8:19  Drone x5  
  105  8:23  Extractor  
  104  8:30  Drone x2  
  104  8:31  Drone  
  104  8:33  Glial Reconstitution  
  107  8:37  Drone  
  107  8:38  Drone x3, Overlord  
  107  8:39  Roach  
  113  8:44  Overseer  
  113  8:45  Drone x3  
  116  8:49  Extractor  
  115  8:56  Drone x3, Roach  
  115  8:57  Roach x2  
  124  9:06  Drone x3  
  124  9:07  Overlord  
  124  9:08  Roach x3  
  133  9:12  Roach x3  
  139  9:19  Roach x2  
  139  9:20  Overlord  
  139  9:21  Overlord  
  142  9:28  Zergling x14  
  142  9:37  Zergling x14  
  139  9:42  Zergling x10  
  138  9:46  Roach x2  
  138  9:50  Roach x2  
  138  9:52  Roach  
  116  10:00  Roach x5  
  116  10:05  Roach x3  
  109  10:14  Roach x4  
  109  10:18  Roach  
  109  10:19  Roach  
  121  10:22  Roach x2  
  121  10:27  Roach  
  121  10:28  Roach x2  
  131  10:32  Roach x2  
  133  10:40  Roach x5  
  139  10:47  Zerg Missile Weapons Level 2  
  136  10:52  Roach x4  
  143  11:02  Extractor  
  143  11:03  Extractor  
  141  11:07  Roach x8  
  157  11:21  Roach x5  
  157  11:24  Overlord x3  
  167  11:26  Ravager  
  168  11:38  Spire  
  167  11:45  Roach x2  
  171  11:50  Roach x3  
  171  11:52  Ravager, Hatchery  
  178  11:54  Ravager  
  178  11:57  Roach x2  
  178  12:00  Roach x2  
  186  12:05  Roach x2  
  184  12:16  Roach  
  184  12:17  Overlord, Roach x4  
  186  12:26  Roach x4  
  188  12:32  Roach x3  
  190  12:38  Ravager  
  185  12:53  Mutalisk x4  
  185  12:57  Extractor  
  190  12:58  Drone  
  190  12:59  Drone x2  
  190  13:00  Extractor, Drone x3  
  190  13:04  Mutalisk x2  
  198  13:05  Zergling x6  
  174  13:25  Mutalisk x2  
  174  13:26  Mutalisk x2  
  178  13:31  Zergling x20  
  188  13:37  Roach x2  
  169  13:49  Roach x6  
  140  13:56  Roach x3  
  140  14:01  Roach x2  
  129  14:06  Roach x3  
  133  14:13  Roach  
  133  14:14  Roach x2  

Tags
 
Add a new tag
Caveats
  • Supply blocks, unpowered buildings, or Contaminate may cause inaccurate times.
  • Supply counts are checked every 10 seconds.